 Dungeon Crawl Stone Soup version 0.27.0-1-g7a089689b8 (webtiles) character file.

Game seed: 17961336856577647818

5354 Strat the Carver (level 10, -2/78 HPs)
             Began as a Djinni Fighter on Aug 5, 2021.
             Was a Believer of Cheibriados.
             Slain by a troll (16 damage)
             ... on level 9 of the Dungeon.
             The game lasted 00:27:17 (12590 turns).

Strat the Carver (Djinni Fighter)                  Turns: 12590, Time: 00:27:17

Health: -2/78      AC:  7    Str: 23    XL:     10   Next: 97%
Gold:   340        EV: 10    Int: 15    God:    Cheibriados [**....] SH:  0 Dex: 18

rFire    + + .     SeeInvis .   b - +2 great sword
rCold    x . .     Faith    .   (shield currently unavailable)
rNeg     + . .     Spirit   .   m - +0 ring mail
rPois    ∞         Reflect  .   j - +0 helmet
rElec    .         Harm     .   (no cloak)
rCorr    .         Rampage  .   (no gloves)
Will     +....                  (boots unavailable)
Stlth    +.........             z - amulet of regeneration
HPRegen  1.23/turn              p - +4 ring of slaying
MPRegen  0.00/turn              x - ring of positive energy

@: flying, very slow
A: sickness immunity, fire resistance 2, cold vulnerability 1, float, innate
caster, hp casting, extra vitality 1
a: Renounce Religion, Bend Time


You were on level 9 of the Dungeon.
You worshipped Cheibriados.
Cheibriados was pleased with you.
You visited 2 branches of the dungeon, and saw 10 of its levels.

You collected 340 gold pieces.

Inventory:

Hand Weapons
 a - a +0 long sword of draining
 b - a +2 great sword (weapon)
 w - a +0 scimitar
Missiles
 d - 5 boomerangs
 f - 266 stones (quivered)
 r - 7 poisoned darts
 u - 68 sling bullets
Armour
 c - a +0 kite shield
 i - a +0 buckler
 j - a +0 helmet (worn)
 m - a +0 ring mail (worn)
 o - a +0 scale mail
Jewellery
 e - an amulet of reflection
 l - an amulet of faith
 p - a +4 ring of slaying (left hand)
 x - a ring of positive energy (right hand)
 z - an amulet of regeneration (around neck)
Wands
 k - a wand of paralysis (6)
 A - a wand of flame (19)
Scrolls
 y - a scroll of teleportation
Potions
 g - 3 potions of flight
 h - 6 potions of curing
 n - a potion of berserk rage
 q - 2 potions of ambrosia
 s - a potion of mutation {unknown}
 t - a potion of invisibility {unknown}
 v - a potion of brilliance {unknown}


   Skills:
 + Level 9.0 Fighting
 * Level 9.6 Long Blades
 + Level 5.3 Armour
 - Level 4.0 Shields
 + Level 4.5 Spellcasting


You had 8 spell levels left.
You knew the following spells:

 Your Spells              Type           Power      Damage    Failure   Level
a - Magic Dart            Conj           68%        1d6       4%          1
b - Corpse Rot            Necr/Air       N/A        N/A       6%          2
c - Mephitic Cloud        Conj/Pois/Air  17%        N/A       12%         3
d - Leda's Liquefaction   Hex/Erth       8%         N/A       36%         4
Your spell library was empty.

Dungeon Overview and Level Annotations

Branches:
Dungeon (9/15)             Temple (1/1) D:6
   Lair: D:8-11         Orc: D:9-12

Altars:
Ashenzari
Cheibriados
Dithmenos
Elyvilon
Fedhas
Hepliaklqana
Kikubaaqudgha
Makhleb
Nemelex Xobeh
Okawaru
Qazlal
Ru
Sif Muna
Trog
Uskayaw
Vehumet
Wu Jian
Xom
Yredelemnul
Zin
The Shining One

Shops:
D:2 [   D:4 [   D:5 *

Annotations:
D:2 1 runed translucent door, Crazy Yiuf
D:3 1 runed translucent door


Innate Abilities, Weirdness & Mutations

You are immune to sickness and miasma.
You are immune to poison.
Your flesh is very heat resistant. (rF++)
You are vulnerable to cold. (rC-)
You float through the air rather than walking.
You learn spells naturally, not from books.
Your magical power is your life essence.
You have superior vitality. (+4 HP)


Message History

Aim: a troll (lightly wounded, 68% to hit)
The puff of flame hits the troll.
The troll is moderately wounded.
Aiming: Throw Flame
Press: ? - help, Shift-Dir - straight line, f/p - troll
Aim: a troll (moderately wounded, 68% to hit)
The puff of flame misses the troll.
Unknown command.
You barely miss the troll.
The troll is moderately wounded.
The troll barely misses you. x2; The troll closely misses you.
You slash the troll!
The troll is heavily wounded.
The troll bites you! The troll claws you but does no damage.
The troll claws you!
You closely miss the troll.
The troll is heavily wounded.
The troll bites you!
* * * LOW HITPOINT WARNING * * *
The troll closely misses you. The troll claws you but does no damage.
The troll bites you!
* * * LOW HITPOINT WARNING * * *
The troll closely misses you. The troll claws you.
* * * LOW HITPOINT WARNING * * *
You closely miss the troll.
The troll is heavily wounded.
The troll barely misses you.
You riposte.
You closely miss the troll.
The troll is heavily wounded.
The troll claws you.
* * * LOW HITPOINT WARNING * * *
The troll claws you.
* * * LOW HITPOINT WARNING * * *
You slash the troll!
The troll is severely wounded.
The troll barely misses you. x2; The troll claws you!
* * * LOW HITPOINT WARNING * * *
You barely miss the troll.
The troll is severely wounded.
The troll bites you!
You die...

..# ..##### .$.....
....... ###
.......####### ..
.......#.....# #.
##......#.._..#
#.##T......#.....#
#...@......#⌠#.#⌠#
###........###.#####.
##.................
#.........<.####.#
##........###
#......#.####
#............
#......##....
#..........###


You could see a troll.

Vanquished Creatures
  A two-headed ogre (D:8)
  Pikel (D:5)
  Maggie (D:6)
  Prince Ribbit (D:6)
  Menkaure (D:5)
  2 water moccasins
  An ice beast (D:7)
  A sky beast (D:5)
  2 black bears
  A centaur (D:5)
  3 necrophages
  4 ogres (D:6)
  4 lemures (D:5)
  A kobold brigand (D:8)
  3 bullfrogs
  A gnoll sergeant (D:6)
  2 scorpions
  A water moccasin zombie (D:6)
  4 killer bees (D:7)
  13 wights
  5 howler monkeys (D:8)
  A bullfrog zombie (D:6)
  A centaur zombie (D:6)
  5 hounds
  A jelly (D:7)
  3 gnoll shamans
  2 orc priests
  Ijyb (D:5)
  2 bullfrog skeletons
  3 centaur skeletons
  3 orc wizards
  Terence (D:2)
  2 killer bee zombies
  A hound skeleton (D:5)
  A howler monkey skeleton (D:4)
  5 adders
  22 gnolls
  3 white imps
  An ufetubus (D:7)
  3 worms
  3 dart slugs
  9 orcs
  9 ball pythons
  3 endoplasms
  9 giant cockroaches
  7 goblins
  7 hobgoblins
  7 jackals
  3 quokkas
  4 bats (D:2)
  5 frilled lizards
  2 jackal zombies (D:3)
  11 kobolds
  A kobold skeleton (D:3)
  4 rats
198 creatures vanquished.

Notes
Turn   | Place    | Note
-------+----------+-------------------------------------------
     0 | D:1      | Strat the Djinni Fighter began the quest for the Orb.
     0 | D:1      | Reached XP level 1. HP: 20/20 MP: 0/0
   118 | D:1      | Reached XP level 2. HP: 25/25 MP: 0/0
   419 | D:1      | Found a faded altar of an unknown god.
   473 | D:1      | Reached XP level 3. HP: 30/30 MP: 0/0
   473 | D:1      | Learned a level 1 spell: Magic Dart
  1288 | D:2      | Found a runed translucent door.
  1289 | D:2      | Noticed Crazy Yiuf
  1443 | D:2      | Reached XP level 4. HP: 35/37 MP: 0/0
  1599 | D:2      | Noticed Terence
  2203 | D:2      | Found Biomapav's Antique Armour Emporium.
  2319 | D:1      | Reached XP level 5. HP: 29/42 MP: 0/0
  2319 | D:1      | Learned a level 2 spell: Corpse Rot
  2628 | D:2      | Killed Terence
  3294 | D:3      | Found a runed translucent door.
  3294 | D:3      | Noticed a human
  3321 | D:3      | Found a basalt altar of Yredelemnul.
  4211 | D:4      | Found a burning altar of Makhleb.
  4211 | D:4      | Found a glowing golden altar of the Shining One.
  4261 | D:4      | Noticed a necrophage
  4275 | D:4      | Killed a necrophage
  4276 | D:4      | Reached XP level 6. HP: 28/48 MP: 0/0
  4485 | D:4      | Found Ziugeotz's Armour Boutique.
  4707 | D:4      | Noticed an ogre
  5120 | D:5      | Entered Level 5 of the Dungeon
  5131 | D:5      | Reached XP level 7. HP: 44/53 MP: 0/0
  5131 | D:5      | Learned a level 3 spell: Mephitic Cloud
  5270 | D:5      | Found a glowing drain.
  5272 | D:5      | Noticed Menkaure
  5322 | D:5      | Reached skill level 5 in Long Blades
  5341 | D:5      | Noticed Ijyb
  5670 | D:5      | Reached skill level 5 in Fighting
  6036 | D:5      | Killed Ijyb
  6099 | D:5      | Reached skill level 1 in Spellcasting
  6524 | D:5      | Reached XP level 8. HP: 57/60 MP: 0/0
  6702 | D:5      | Killed Menkaure
  7437 | D:5      | Noticed Pikel
  7508 | D:5      | Killed Pikel
  7611 | D:5      | Found Kadisoz's Assorted Antiques.
  7804 | D:5      | Reached XP level 9. HP: 56/67 MP: 0/0
  7804 | D:5      | Learned a level 4 spell: Leda's Liquefaction
  8052 | D:6      | Found a bloodstained altar of Trog.
  8096 | D:6      | Noticed Maggie
  8934 | D:6      | Noticed Prince Ribbit
  9418 | D:6      | Found a staircase to the Ecumenical Temple.
  9427 | Temple   | Entered the Ecumenical Temple
  9701 | Temple   | Became a worshipper of Cheibriados the Contemplative
 10095 | D:6      | Killed Maggie
 10286 | D:6      | Found an iron altar of Okawaru.
 10330 | D:6      | Reached XP level 10. HP: 74/76 MP: 0/0
 10340 | D:6      | Killed Prince Ribbit
 10593 | D:7      | Reached * piety under Cheibriados
 11737 | D:8      | Reached ** piety under Cheibriados
 11896 | D:8      | Noticed a two-headed ogre
 11902 | D:8      | Killed a two-headed ogre
 11903 | D:8      | Reached skill level 5 in Armour
 12535 | D:9      | Found a sacrificial altar of Ru.
 12590 | D:9      | Slain by a troll

Illustrated notes

Levels and vault maps discovered:
D:1:      mrwooster_arrival_statue_2, layout_basic,
          dreamdust_ecumenical_altar_hidden_monk_grotto
D:2:      layout_loops_cross, serial_shops, nicolae_shop_statue_plus,
          chequers_serial_rivers_micro_b, uniq_terence, uniq_crazy_yiuf_cottage
D:3:      layout_loops_corners, lemuel_blue_sif_altar, dk_yredelemnul_ordeal
D:4:      layout_cave_pods, gammafunk_temple_overflow_wave, serial_shops, shop,
          kennysheep_small_circle
D:5:      layout_basic, serial_shops, nicolae_lakefront_shop,
          portal_sewer_entry_a, uniq_pikel, uniq_menkaure, uniq_ijyb
D:6:      layout_basic, lemuel_round_altar, mainiacjoe_overflow_small_starburst,
          minmay_temple_entry_waves, uniq_maggie, uniq_prince_ribbit1
D:7:      layout_loops_cross
D:8:      layout_gridville
D:9:      layout_rooms, mainiacjoe_overflow_alcove_2,
          gammafunk_ghost_hydra_chop, nicolae_shop_clearance
Temple:   minmay_temple_curvy_branch

Skill      XL: |  1  2  3  4  5  6  7  8  9 10 |
---------------+-------------------------------+-----
Long Blades    | 2 3 4 5 6 8 9 |  9.6
Fighting       | 4 5 6 8 9 |  9.0
Shields        | 4 |  4.0
Spellcasting   | 1 2 3 4 |  4.5
Armour         | 5 |  5.3

Action                   |  1- 3 |  4- 6 |  7- 9 | 10-12 || total
-------------------------+-------+-------+-------+-------++-------
Melee: Long sword        |   122 |   160 |   260 |   197 ||   739
       Great sword       |       |       |       |     7 ||     7
Throw: Stone             |       |       |     3 |     2 ||     5
       Throwing net      |       |       |     1 |       ||     1
 Cast: Magic Dart        |       |       |     1 |       ||     1
       Mephitic Cloud    |       |       |       |     5 ||     5
Evoke: Wand              |       |       |     6 |     5 ||    11
  Use: Potion            |       |     1 |     2 |     3 ||     6
       Scroll            |       |       |    12 |     4 ||    16
 Stab: Confused          |       |       |       |     4 ||     4
Armor: Scale mail        |    69 |     9 |       |       ||    78
       Ring mail         |       |    27 |    44 |    56 ||   127
Dodge: Dodged            |    80 |    82 |   119 |    99 ||   380
Block: Buckler           |    25 |    33 |    58 |    83 ||   199
       Rpst.: Long sword |    24 |    33 |    34 |    25 ||   116
       Great sword       |       |       |       |     2 ||     2
